NCAA
BAYLOR BEARS @ NOTRE DAME FIGHTING IRISH
04/27/2025
 
TOP OF THE 1ST
Baylor Bears batting - Pitching for Notre Dame Fighting Irish : RHP Iván Maldonado
Pitching: RHP Iván Maldonado
Batting: RHB Jesús Medrano 0-0: Ball
1-0: SINGLE (Groundball, 34D)
Batting: RHB José Romo 0-0: Foul Ball, location: 2F
0-1: Swinging Strike
0-2: Ball
1-2: Strikes out swinging
Batting: RHB Guy Morrison 0-0: Foul Ball, location: 2F
0-1: Ball
Jesús Medrano steals 2nd base
1-1: Ball
2-1: Ball
3-1: Base on Balls
Batting: RHB Patrick Love 0-0: Ball
1-0: Foul Ball, location: 2F
1-1: Ball
2-1: Foul Ball, location: 2F
2-2: Strikes out swinging
Batting: RHB Nelson Burton 0-0: Ball
1-0: Swinging Strike
1-1: Ball
2-1: Ball
3-1: Base on Balls
Jesús Medrano to third
Guy Morrison to second
Batting: RHB Phil Moore 0-0: Foul Ball, location: 2F
0-1: Foul Ball, location: 2F
0-2: Reached on Error, E9 (Flyball, 9M)
Jesús Medrano scores
Guy Morrison scores
Nelson Burton to third
Batting: LHB Cipriano Rangel 0-0: Ball
1-0: Called Strike
1-1: Called Strike
1-2: Foul Ball, location: 2F
1-2: Ball
2-2: Foul Ball, location: 2F
2-2: Ball
3-2: Foul Ball, location: 2F
3-2: Base on Balls
Batting: LHB Alejandro Muńóz 0-0: Called Strike
0-1: Fly out, F7 (Flyball, 78XD)
Top of the 1st over - 2 run(s), 1 hit(s), 1 error(s), 3 left on base; Baylor 2 - Notre Dame 0
BOTTOM OF THE 1ST
Notre Dame Fighting Irish batting - Pitching for Baylor Bears : RHP Walt Carter
Pitching: RHP Walt Carter
Batting: RHB Jeff Christian 0-0: Fly out, F8 (Flyball, 8LM)
Batting: SHB Ray Reid 0-0: Ball
1-0: Swinging Strike
1-1: Ground out 1-3 (Groundball, 23)
Batting: RHB António Muńóz 0-0: Foul Ball, location: 2F
0-1: Ball
1-1: Fly out, F9 (Popup, 9S)
Bottom of the 1st over - 0 run(s), 0 hit(s), 0 error(s), 0 left on base; Baylor 2 - Notre Dame 0
TOP OF THE 2ND
Baylor Bears batting - Pitching for Notre Dame Fighting Irish : RHP Iván Maldonado
Batting: RHB Hugh Rankin 0-0: Ball
1-0: Swinging Strike
1-1: Foul Ball, location: 2F
1-2: Strikes out swinging
Batting: RHB Jesús Medrano 0-0: Ground out 6-3 (Groundball, 6M)
Batting: RHB José Romo 0-0: Ball
1-0: Swinging Strike
1-1: Swinging Strike
1-2: Ball
2-2: Ball
3-2: Base on Balls
Batting: RHB Guy Morrison 0-0: Called Strike
0-1: Fly out, F8 (Popup, 6MD)
Top of the 2nd over - 0 run(s), 0 hit(s), 0 error(s), 1 left on base; Baylor 2 - Notre Dame 0
BOTTOM OF THE 2ND
Notre Dame Fighting Irish batting - Pitching for Baylor Bears : RHP Walt Carter
Batting: SHB Ken Austin 0-0: Foul Ball, location: 2F
Reached via error on a dropped throw, E3
Batting: SHB Ron Estes 0-0: SINGLE (Line Drive, 8RS)
Ken Austin to second
Batting: LHB Lou Goeble 0-0: Called Strike
0-1: Ground out U3 (Groundball, 3S)
Ken Austin to third
Ron Estes to second
Batting: RHB Lee Scott 0-0: Called Strike
0-1: Ball
1-1: Swinging Strike
1-2: Strikes out swinging
Batting: RHB Ron Campbell 0-0: Ball
1-0: Called Strike
1-1: Ball
2-1: DOUBLE (Groundball, 5L)
Ken Austin scores
Ron Estes scores
Batting: RHB Isaac Ridings 0-0: Ground out 1-3 (Groundball, 13S)
Bottom of the 2nd over - 2 run(s), 2 hit(s), 1 error(s), 1 left on base; Baylor 2 - Notre Dame 2
TOP OF THE 3RD
Baylor Bears batting - Pitching for Notre Dame Fighting Irish : RHP Iván Maldonado
Batting: RHB Patrick Love 0-0: Foul Ball, location: 2F
0-1: Swinging Strike
0-2: Foul Ball, location: 2F
0-2: Strikes out looking
Batting: RHB Nelson Burton 0-0: Ball
1-0: SINGLE (Groundball, 6MD)
Batting: RHB Phil Moore 0-0: Fly out, F8 (Flyball, 8RM)
Batting: LHB Cipriano Rangel 0-0: Foul Ball, location: 2F
0-1: Ball
1-1: Foul Ball, location: 2F
1-2: Fly out, F8 (Popup, 6MD)
Top of the 3rd over - 0 run(s), 1 hit(s), 0 error(s), 1 left on base; Baylor 2 - Notre Dame 2
BOTTOM OF THE 3RD
Notre Dame Fighting Irish batting - Pitching for Baylor Bears : RHP Walt Carter
Batting: RHB Jeff Christian 0-0: SOLO HOME RUN (Flyball, 7LD), Distance : 315 ft
Batting: SHB Ray Reid 0-0: Ball
1-0: Called Strike
1-1: Called Strike
1-2: Strikes out swinging
Batting: RHB António Muńóz 0-0: Fly out, F8 (Flyball, 8RS)
Batting: SHB Ken Austin 0-0: Ball
1-0: Foul Ball, location: 2F
1-1: SINGLE (Groundball, 4M)
Batting: SHB Ron Estes 0-0: Swinging Strike
0-1: Called Strike
0-2: Ball
1-2: Ball
2-2: Ball
3-2: Foul Ball, location: 2F
3-2: Strikes out swinging
Bottom of the 3rd over - 1 run(s), 2 hit(s), 0 error(s), 1 left on base; Baylor 2 - Notre Dame 3
TOP OF THE 4TH
Baylor Bears batting - Pitching for Notre Dame Fighting Irish : RHP Iván Maldonado
Batting: LHB Alejandro Muńóz 0-0: Ball
1-0: Called Strike
1-1: Ball
2-1: Foul Ball, location: 2F
2-2: Strikes out looking
Batting: RHB Hugh Rankin 0-0: Foul Ball, location: 2F
0-1: Swinging Strike
0-2: Ball
1-2: Ball
2-2: Foul Ball, location: 2F
2-2: Strikes out looking
Batting: RHB Jesús Medrano 0-0: Ball
1-0: Called Strike
1-1: SINGLE (Flyball, 78S)
Batting: RHB José Romo 0-0: Ground out 4-3 (Groundball, 4)
Top of the 4th over - 0 run(s), 1 hit(s), 0 error(s), 1 left on base; Baylor 2 - Notre Dame 3
BOTTOM OF THE 4TH
Notre Dame Fighting Irish batting - Pitching for Baylor Bears : RHP Walt Carter
Batting: LHB Lou Goeble 0-0: Called Strike
0-1: Ball
1-1: Ball
2-1: Ball
3-1: Ground out 4-3 (Groundball, 4)
Batting: RHB Lee Scott 0-0: Ball
1-0: Called Strike
1-1: SOLO HOME RUN (Flyball, 7D), Distance : 369 ft
Batting: RHB Ron Campbell 0-0: Ball
1-0: SINGLE (Line Drive, 6MD)
Batting: RHB Isaac Ridings 0-0: Grounds into double play, 6-4-3 (Groundball, 6)
Bottom of the 4th over - 1 run(s), 2 hit(s), 0 error(s), 0 left on base; Baylor 2 - Notre Dame 4
TOP OF THE 5TH
Baylor Bears batting - Pitching for Notre Dame Fighting Irish : RHP Iván Maldonado
Batting: RHB Guy Morrison 0-0: Ball
1-0: Ball
2-0: Ball
3-0: Base on Balls
Pitching: RHP Chris Martin
Batting: RHB Patrick Love 0-0: Ball
1-0: Called Strike
1-1: DOUBLE (Line Drive, 3D)
Guy Morrison to third
Batting: RHB Nelson Burton 0-0: Called Strike
0-1: Ground out 5-3 (Groundball, 56S)
Guy Morrison scores
Patrick Love to third
Batting: RHB Phil Moore 0-0: Ball
1-0: Foul Ball, location: 2F
1-1: Fly out, F6 (Line Drive, 6MD)
Batting: LHB Cipriano Rangel 0-0: Ground out 4-3 (Groundball, 4)
Top of the 5th over - 1 run(s), 1 hit(s), 0 error(s), 1 left on base; Baylor 3 - Notre Dame 4
BOTTOM OF THE 5TH
Notre Dame Fighting Irish batting - Pitching for Baylor Bears : RHP Walt Carter
Batting: RHB Jeff Christian 0-0: Ball
1-0: Swinging Strike
1-1: SINGLE (Groundball, 6)
Batting: SHB Ray Reid 0-0: Fly out, F8 (Flyball, 8LS)
Batting: RHB António Muńóz 0-0: Ball
1-0: Called Strike
1-1: Foul Ball, location: 2F
1-2: Ball
2-2: Ball
3-2: Strikes out swinging
Batting: SHB Ken Austin 0-0: Ball
1-0: Ball
2-0: Ball
3-0: Called Strike
3-1: Called Strike
3-2: Foul Ball, location: 2F
3-2: Fly out, F7 (Flyball, 7M)
Bottom of the 5th over - 0 run(s), 1 hit(s), 0 error(s), 1 left on base; Baylor 3 - Notre Dame 4
TOP OF THE 6TH
Baylor Bears batting - Pitching for Notre Dame Fighting Irish : RHP Chris Martin
Batting: LHB Alejandro Muńóz 0-0: Ground out 4-3 (Groundball, 4)
Batting: RHB Hugh Rankin 0-0: Swinging Strike
0-1: Fly out, F7 (Line Drive, 7LS)
Batting: RHB Jesús Medrano 0-0: Called Strike
0-1: Foul Ball, location: 2F
0-2: Strikes out swinging
Top of the 6th over - 0 run(s), 0 hit(s), 0 error(s), 0 left on base; Baylor 3 - Notre Dame 4
BOTTOM OF THE 6TH
Notre Dame Fighting Irish batting - Pitching for Baylor Bears : RHP Walt Carter
Batting: SHB Ron Estes 0-0: Ball
1-0: Ball
2-0: Foul Ball, location: 2F
2-1: Ball
3-1: Foul Ball, location: 2F
3-2: Base on Balls
Batting: LHB Lou Goeble 0-0: Swinging Strike
0-1: Ball
1-1: Called Strike
1-2: Foul Ball, location: 2F
1-2: Ground out 4-3 (Groundball, 4M)
Ron Estes to second
Batting: RHB Lee Scott 0-0: Ball
1-0: Ball
2-0: Ball
3-0: Called Strike
3-1: Base on Balls
Pitching: LHP Eric Williams
Batting: RHB Ron Campbell 0-0: Called Strike
0-1: Ground out 5-3 (Groundball, 56)
Ron Estes to third
Lee Scott to second
Batting: RHB Isaac Ridings 0-0: Ball
1-0: Ball
2-0: Ball
3-0: Called Strike
3-1: Swinging Strike
3-2: SINGLE (Flyball, 7LM) - OUT at second base trying to stretch hit.
Ron Estes scores
Lee Scott scores
Bottom of the 6th over - 2 run(s), 1 hit(s), 0 error(s), 0 left on base; Baylor 3 - Notre Dame 6
TOP OF THE 7TH
Baylor Bears batting - Pitching for Notre Dame Fighting Irish : RHP Chris Martin
Pitching: LHP Orlando Sánchez
Batting: RHB José Romo 0-0: Swinging Strike
0-1: Foul Ball, location: 2F
0-2: Strikes out swinging
Batting: RHB Guy Morrison 0-0: Called Strike
0-1: Ball
1-1: Foul Ball, location: 2F
1-2: Ball
2-2: Ball
3-2: SINGLE (Line Drive, 8LS)
Batting: RHB Patrick Love 0-0: Foul Ball, location: 2F
0-1: Ball
1-1: SINGLE (Groundball, 23) (infield hit)
Guy Morrison to second
Batting: RHB Nelson Burton 0-0: Swinging Strike
0-1: SINGLE (Groundball, 15) (infield hit)
Guy Morrison to third
Patrick Love to second
Batting: RHB Phil Moore 0-0: Ball
1-0: Foul Ball, location: 2F
1-1: Ball
2-1: SINGLE (Groundball, 56D) (infield hit)
Guy Morrison scores
Patrick Love to third
Nelson Burton to second
Batting: LHB Cipriano Rangel 0-0: Ball
1-0: Foul Ball, location: 2F
1-1: Foul Ball, location: 2F
1-2: Ball
2-2: Strikes out swinging
Pinch Hitting: RHB Neil Weeks 0-0: Swinging Strike
0-1: Ball
1-1: Swinging Strike
1-2: Ball
2-2: Foul Ball, location: 2F
2-2: Strikes out swinging
Top of the 7th over - 1 run(s), 4 hit(s), 0 error(s), 3 left on base; Baylor 4 - Notre Dame 6
BOTTOM OF THE 7TH
Notre Dame Fighting Irish batting - Pitching for Baylor Bears : LHP Eric Williams
Now in RF: Arnie Williams
Batting: RHB Jeff Christian 0-0: Ball
1-0: Ball
2-0: Ball
3-0: Base on Balls
Batting: SHB Ray Reid 0-0: Bunted foul
0-1: Bunt missed!
0-2: Fielders Choice at 2nd, 6-4 (Groundball, 6)
Batting: RHB António Muńóz 0-0: Called Strike
0-1: Fly out, F5 (Popup, 56S)
Batting: SHB Ken Austin 0-0: Hit by Pitch
Ray Reid to second
Batting: SHB Ron Estes 0-0: Called Strike
0-1: Fly out, F9 (Flyball, 9LM)
Bottom of the 7th over - 0 run(s), 0 hit(s), 0 error(s), 2 left on base; Baylor 4 - Notre Dame 6
TOP OF THE 8TH
Baylor Bears batting - Pitching for Notre Dame Fighting Irish : LHP Orlando Sánchez
Batting: RHB Hugh Rankin 0-0: Foul Ball, location: 2F
0-1: Ball
1-1: Swinging Strike
1-2: Ball
2-2: Ball
3-2: Base on Balls
Batting: RHB Jesús Medrano Balk!
Hugh Rankin to second
0-0: Ball
1-0: Ball
2-0: Ball
3-0: Called Strike
3-1: Foul Ball, location: 2F
3-2: Ground out 1-3 (Groundball, 25)
Batting: RHB José Romo 0-0: Called Strike
0-1: Ball
1-1: Ball
2-1: Ball
3-1: Base on Balls
Pitching: RHP Kenny Nolan
Batting: RHB Guy Morrison 0-0: Called Strike
0-1: Called Strike
0-2: Foul Ball, location: 2F
0-2: Strikes out swinging
Pitching: RHP Ron Gustafson
Batting: RHB Patrick Love 0-0: Ball
1-0: Ball
2-0: Fielders Choice at 2nd, 6-4 (Groundball, 6)
Top of the 8th over - 0 run(s), 0 hit(s), 0 error(s), 1 left on base; Baylor 4 - Notre Dame 6
BOTTOM OF THE 8TH
Notre Dame Fighting Irish batting - Pitching for Baylor Bears : LHP Eric Williams
Batting: LHB Lou Goeble 0-0: Ball
1-0: Ball
2-0: Ball
3-0: Called Strike
3-1: Called Strike
3-2: Strikes out looking
Pitching: RHP Luke Rogers
Batting: RHB Lee Scott 0-0: Ball
1-0: Called Strike
1-1: Swinging Strike
1-2: Strikes out swinging
Batting: RHB Ron Campbell 0-0: Called Strike
0-1: Swinging Strike
0-2: Ball
1-2: Ball
2-2: Ball
3-2: Base on Balls
Batting: RHB Isaac Ridings 0-0: Called Strike
0-1: Ball
Ron Campbell steals 2nd base
1-1: Ground out 4-3 (Groundball, 4)
Bottom of the 8th over - 0 run(s), 0 hit(s), 0 error(s), 1 left on base; Baylor 4 - Notre Dame 6
TOP OF THE 9TH
Baylor Bears batting - Pitching for Notre Dame Fighting Irish : RHP Ron Gustafson
Pitching: RHP Ted Patterson
Batting: RHB Nelson Burton 0-0: Foul Ball, location: 2F
0-1: Ball
1-1: Fly out, F9 (Flyball, 9LMF)
Batting: RHB Phil Moore 0-0: Called Strike
0-1: Ball
1-1: Swinging Strike
1-2: Strikes out swinging
Batting: LHB Cipriano Rangel 0-0: DOUBLE (Flyball, 89M)
Pinch Hitting: SHB Jason Jennings 0-0: Ball
1-0: Foul Ball, location: 2F
1-1: Hit by Pitch
Batting: RHB Hugh Rankin 0-0: Ground out 4-3 (Groundball, 4S)
Top of the 9th over - 0 run(s), 1 hit(s), 0 error(s), 2 left on base; Baylor 4 - Notre Dame 6
This league is powered by Out of the Park Baseball, the baseball management simulation game for PC, Mac and Linux
Tuesday, August 2nd, 2016 - OOTP Baseball 16.8 Build 38